Description

This game has been played on ladder. This is a reactive build order when you see a hatch block on your natural expand.

You can totally defend it with 7 probes on the hatchery but this build is focus on counter push.

Notes :

  • Send a probe from your mineral line as soon as you see the hatch block
  • Play with a 2 gate cyber (fast zealot)
  • Add a pylon in your main base (in case of scout)
  • Don't attack the hatch to fast: If the zerg make the hatchery you will be in a good position
  • Try to fake a standard reaction without hatchery : Hide your proxy as much as possible (make it in a hidden position + make some pylons in your main base)
  • Attack when you have 1 immo + warp prism

Enjoy!

VOD

https://youtu.be/82rL9Haw3Mk

Replay - llllllllllll v zuka - Kairos Junction LE

Build Order

Get SALT Encoding   

  12  0:00  Probe  
  13  0:13  Probe  
  14  0:19  Pylon  
  14  0:21  Probe  
  15  0:33  Probe  
  15  0:40  Gateway  
  16  0:45  Probe  
  17  0:50  Assimilator  
  17  0:55  Probe  
  17  1:03  Probe  
  19  1:11  Probe  
  20  1:23  Probe  
  21  1:26  Gateway  
  21  1:28  Zealot  
  23  1:34  Cybernetics Core  
  23  1:42  Pylon  
  23  1:48  Assimilator  
  23  2:02  Warp Gate  
  24  2:08  Probe  
  24  2:10  Pylon  
  24  2:13  Stalker  
  28  2:23  Zealot  
  28  2:31  Robotics Facility  
  28  2:56  Gateway  
  28  3:16  Immortal  
  32  3:29  Pylon  
  32  3:51  Adept  
  34  3:55  Pylon  
  34  3:59  Warp Prism  
  36  4:13  Adept x3  
  41  4:27  Immortal  
  41  4:35  Sentry  
  41  4:36  Adept  
  45  4:42  Adept  
  47  5:00  Adept x3  
  53  5:21  Stalker  
  53  5:38  Adept  
Spawning Tool Build Advisor. Get it on Overwolf

Go to:

Details

  • Created by: zuka      
  • Published on: Aug 23, 2019
  • Modified on: Aug 23, 2019
  • Patch: 4.7.1
Show
View Real Time Build Order
Export as new Build Order

Comments (0)

There are no comments. Be the first!

Create an account to comment!